 Dungeon Sprint DCSS version 0.30.1-9-gdf580d7c3d (webtiles) character file.

Game seed: 18305173178008630073

1316 Heoruswealwe the Impaler (level 8, -16/83 HPs)
             Began as a Minotaur Fighter on Oct 25, 2023.
             Was an Initiate of Gozag.
             Killed from afar by a gargoyle (28 damage)
             ... with a stone arrow
             ... in the Dungeon (Sprint IX: "|||||||||||||||||||||||||||||").
             The game lasted 00:03:13 (173 turns).

Heoruswealwe the Impaler (Minotaur Fighter)          Turns: 173, Time: 00:03:13

Health: -16/83     AC: 11    Str: 24    XL:     8   Next: 33%
Magic:  7/7        EV: 12    Int:  5    God:    Gozag
Gold:   0          SH:  0    Dex:  9    Spells: 7/7 levels left

rFire   . . .        b - +2 halberd (venom)
rCold   . . .        (shield currently unavailable)
rNeg    . . .        c - +2 ring mail
rPois   .            (helmet restricted)
rElec   .            h - +0 cloak
rCorr   .            (no gloves)
SInv    .            (no boots)
Will    .....        (no amulet) Stlth
                     k - +2 ring of evasion
HPRegen 0.33/turn    (no ring)
MPRegen 0.10/turn

%: no teleportation
@: gold aura
A: horns 2, retaliatory headbutt
a: Renounce Religion, Potion Petition, Call Merchant, Bribe Branch


You were in the Dungeon.
You worshipped Gozag.
Gozag was noncommittal.
You visited 1 branch

Inventory:

Hand Weapons
 a - a +0 trident
 b - a +2 halberd of venom (weapon)
Armour
 c - a +2 ring mail (worn)
 d - a +0 buckler
 h - a +0 cloak (worn)
Jewellery
 k - a +2 ring of evasion (left hand)
Wands
 l - a wand of iceblast (10)
Scrolls
 j - 2 scrolls of blinking
Potions
 e - a potion of curing
 g - a potion of haste
 i - a potion of berserk rage
 m - a potion of might


   Skills:
 + Level 11.7 Fighting
 * Level 15.5 Polearms
 + Level 11.7 Armour
 - Level 3.6 Shields


You had 7 spell levels left.
You didn't know any spells.
Your spell library was empty.

Dungeon Overview and Level Annotations

Branches:
Dungeon (1/1)

Altars:
Cheibriados
Dithmenos
Elyvilon
Fedhas
Gozag
Hepliaklqana
Kikubaaqudgha
Makhleb
Nemelex Xobeh
Okawaru
Qazlal
Ru
Sif Muna
Trog
Uskayaw
Vehumet
Wu Jian
Xom
Yredelemnul
Zin
The Shining One
Jiyva
Lugonu


Innate Abilities, Weirdness & Mutations

You have a pair of horns on your head.
You reflexively headbutt those who attack you in melee.


Message History

* * * LOW HITPOINT WARNING * * *
The troll barely misses you. The troll closely misses you.
You feel better. The troll misses you. The troll claws you but does no damage.
The troll claws you.
* * * LOW HITPOINT WARNING * * *
You slice the troll!!
You kill the troll!
Your Polearms skill increases to level 15!
Reach: b) +2 halberd (venom)
Press: ? - help, Dir - move target, f - orc warrior
Aim: an orc warrior, wielding a +0 mace of protection and wearing a +0 chain mail (about 38% to evade your +2 halberd of venom)
You reach to attack!
You hit the orc warrior but do no damage.
The orc warrior is no longer distracted by gold.
You slash the orc warrior!
The orc warrior is moderately wounded.
The orc warrior misses you. You furiously retaliate!
You headbutt the orc warrior! You puncture the orc warrior!
You kill the orc warrior!
Reach: b) +2 halberd (venom)
Press: ? - help, Dir - move target, f - gargoyle
Aim: a gargoyle, wielding a +0 flail (about 22% to evade your +2 halberd of venom)
You reach to attack!
You hit the gargoyle.
The gargoyle is lightly damaged.
You hit the gargoyle but do no damage. You headbutt the gargoyle!
The gargoyle is heavily damaged.
The gargoyle barely misses you.
You hit the gargoyle but do no damage.
The gargoyle is heavily damaged.
You barely miss the gargoyle.
The gargoyle is heavily damaged.
The gargoyle barely misses you. You furiously retaliate!
You headbutt the gargoyle! You barely miss the gargoyle.
The gargoyle is almost destroyed.
The gargoyle hurls a stone arrow at you.
The stone arrow hits you!!
You die...
Your body crumbles into a pile of gold.

▓.▓
$
▓.▓
$
▓.▓
$ $
▓.▓
$
▓.▓
$
▓.▓
$
▓9▓
$
▓@▓
$
▓.▓
$
▓.▓
▓=▓
$
▓[▓
▓[▓
$
▓)▓
$
▓?▓
$
▓!▓
$


You could see a gargoyle.

Vanquished Creatures
  A two-headed ogre (D)
  A troll (D)
  A shadow (D)
  A wyvern (D)
  An orc warrior (D)
  A sleepcap (D)
  2 hounds (D)
  An iguana (D)
  An orc (D)
  An endoplasm (D)
  A goblin (D)
  A bat (D)
  A frilled lizard (D)
  A kobold (D)
15 creatures vanquished.

Notes
Turn   | Place    | Note
-------+----------+-------------------------------------------
     0 | D        | Heoruswealwe the Minotaur Fighter began the quest for the
                  | Orb.
     0 | D        | Reached XP level 1. HP: 19/19 MP: 0/0
     6 | D        | Reached skill level 3 in Polearms
    24 | D        | Noticed an iguana
    24 | D        | Noticed a hound
    24 | D        | Noticed a sleepcap
    24 | D        | Noticed a hound
    27 | D        | Killed a hound
    28 | D        | Reached skill level 5 in Fighting
    28 | D        | Reached skill level 5 in Polearms
    28 | D        | Reached skill level 5 in Armour
    28 | D        | Reached XP level 2. HP: 29/29 MP: 1/1
    28 | D        | Reached XP level 3. HP: 36/36 MP: 2/2
    35 | D        | Reached skill level 6 in Polearms
    54 | D        | Reached skill level 7 in Polearms
    54 | D        | Reached XP level 4. HP: 14/45 MP: 3/3
    63 | D        | Reached skill level 8 in Polearms
    69 | D        | Found a snail-covered altar of Cheibriados.
    69 | D        | Found a shadowy altar of Dithmenos.
    69 | D        | Found a white marble altar of Elyvilon.
    69 | D        | Found a blossoming altar of Fedhas.
    69 | D        | Found an opulent altar of Gozag.
    70 | D        | Found a hazy altar of Hepliaklqana.
    71 | D        | Found a viscous altar of Jiyva.
    72 | D        | Found an ancient bone altar of Kikubaaqudgha.
    73 | D        | Found a corrupted altar of Lugonu.
    74 | D        | Found a burning altar of Makhleb.
    75 | D        | Found a sparkling altar of Nemelex Xobeh.
    76 | D        | Found an iron altar of Okawaru.
    77 | D        | Became a worshipper of Gozag Ym Sagoz the Greedy
    78 | D        | Found a stormy altar of Qazlal.
    79 | D        | Found a sacrificial altar of Ru.
    80 | D        | Found a shimmering blue altar of Sif Muna.
    81 | D        | Found a bloodstained altar of Trog.
    82 | D        | Found a hide-covered altar of Uskayaw.
    83 | D        | Found a radiant altar of Vehumet.
    84 | D        | Found an ornate altar of the Wu Jian Council.
    85 | D        | Found a shimmering altar of Xom.
    86 | D        | Found a basalt altar of Yredelemnul.
    87 | D        | Found a glowing silver altar of Zin.
    88 | D        | Found a glowing golden altar of the Shining One.
   144 | D        | Noticed a gargoyle
   144 | D        | Noticed an orc warrior
   144 | D        | Noticed a troll
   144 | D        | Noticed a two-headed ogre
   144 | D        | Noticed a shadow
   144 | D        | Noticed a wyvern
   149 | D        | Killed a wyvern
   150 | D        | Reached skill level 10 in Polearms
   150 | D        | Reached XP level 5. HP: 14/53 MP: 4/4
   150 | D        | Reached XP level 6. HP: 16/61 MP: 5/5
   152 | D        | Killed a shadow
   153 | D        | Reached skill level 12 in Polearms
   157 | D        | Killed a two-headed ogre
   158 | D        | Reached skill level 14 in Polearms
   158 | D        | Reached XP level 7. HP: 16/74 MP: 6/6
   158 | D        | Reached XP level 8. HP: 17/82 MP: 7/7
   165 | D        | Killed a troll
   166 | D        | Reached skill level 15 in Polearms
   173 | D        | Killed from afar by a gargoyle

Illustrated notes

Levels and vault maps discovered:
D:        linesprint [early_d, line_temple, items_1, d_10, items_2, lair_1,
          lair_end, items_3, orc_1, orc_end, items_4, d_15, swamp_1, shoals_1,
          snake_1, spider_1, d_20, vaults_1, items_5, swamp_end, shoals_end,
          snake_end, spider_end, vaults_end, d_27, items_6, zot_1, zot_end,
          crypt_end, forest_end, elf_end, slime_end, tomb_end, abyss_end,
          pan_hell_end]

Skill      XL: |  1  2  3  4  5  6  7  8 |
---------------+-------------------------+-----
Polearms       | 5 7 10 14 15 | 15.5
Fighting       | 5 6 8 11 | 11.7
Armour         | 5 6 8 11 | 11.7
Shields        | |  3.6

Action                     |  1- 3 |  4- 6 |  7- 9 || total
---------------------------+-------+-------+-------++-------
  Melee: Trident           |    41 |     8 |       ||    49
         Headbutt          |     3 |     6 |     2 ||    11
         Halberd           |       |    11 |    12 ||    23
    Use: Potion            |       |     3 |     4 ||     7
 Armour: Scale mail        |    15 |       |       ||    15
         Ring mail         |       |     2 |     3 ||     5
  Dodge: Dodged            |    15 |     6 |    11 ||    32
  Block: Buckler           |     4 |     1 |       ||     5
